 Dungeon Crawl Stone Soup version 0.26-b1-52-g61e05abef2 (webtiles) character file.

Game seed: 9978260445889015663

32 FancyManDan the Skirmisher (level 3, -3/29 HPs)
             Began as a Demonspawn Abyssal Knight on Jan 7, 2021.
             Was a Follower of Lugonu.
             Slain by a kobold
             ... wielding a +2 short sword of electrocution
              (14 damage)
             ... on level 2 of the Dungeon.
             The game lasted 00:04:05 (1444 turns).

FancyManDan the Skirmisher (DsAK)                   Turns: 1444, Time: 00:04:07

Health: -3/29      AC:  6    Str: 13    XL:     3   Next: 8%
Magic:  5/5        EV: 11    Int: 13    God:    Lugonu [*.....]
Gold:   55         SH:  0    Dex: 12    Spells: 2/2 levels left

rFire    . . .     SeeInvis .   a - +1 hand axe
rCold    . . .     Faith    .   (no shield)
rNeg     . . .     Spirit   .   b - +0 leather armour
rPois    .         Reflect  .   (no helmet)
rElec    .         Harm     .   (no cloak)
rCorr    .         Rampage  .   d - +0 pair of gloves (curse)
Will     .....                  (no boots)
Stlth    +.........             (no amulet)
HPRegen  0.09/turn              (no ring)
MPRegen  0.09/turn              (no ring)

@: no status effects
A: talons 1, iridescent scales 1
a: Renounce Religion, Depart the Abyss


You were on level 2 of the Dungeon.
You worshipped Lugonu.
Lugonu was aware of your devotion.
You visited 1 branch of the dungeon, and saw 2 of its levels.
You visited the Abyss 1 time.

You collected 55 gold pieces.

Inventory:

Hand Weapons
 a - a +1 hand axe (weapon)
Armour
 b - a +0 leather armour (worn)
 d - a cursed +0 pair of gloves (worn)
 g - a +1 pair of gloves
Scrolls
 e - a scroll of remove curse {unknown}
 f - 2 scrolls of identify {unknown}
Potions
 c - a potion of lignification {unknown}
 h - 2 potions of ambrosia {unknown}


   Skills:
 + Level 3.5 Fighting
 + Level 2.2 Axes
 + Level 2.0 Armour
 + Level 1.2 Dodging
 + Level 2.7 Invocations


You had 2 spell levels left.
You didn't know any spells.
Your spell library was empty.

Dungeon Overview and Level Annotations

Branches:
Dungeon (2/15)

Altars:


Innate Abilities, Weirdness & Mutations

You have sharp toenails.
You are partially covered in iridescent scales. (AC +2)


Message History

You start resting.
Magic restored.
You start resting.
HP restored.
You climb downwards.
The quokka bites you but does no damage.
The kobold hits you but does no damage.
You are electrocuted!
Ouch! That really hurt!
The quokka bites you but does no damage.
There is a stone staircase leading up, spattered with blood here.
You barely miss the quokka. Your kick misses the quokka.
You barely miss the kobold. The kobold hits you but does no damage.
The quokka bites you. The kobold closely misses you.
You hit the quokka. Your kick misses the quokka.
The quokka is lightly wounded.
You hit the kobold.
The quokka bites you but does no damage.
The quokka barely misses you. The kobold hits you but does no damage.
You are electrocuted!
You die...

###
#.########
#.........
#K........
#.@.......
#r..?.....
#.........
#.........
..........
#.#..(.....
#.#####!###
.. .^. ..
..


You could see a quokka and a kobold.

Vanquished Creatures
  An adder (D:1)
  An ooze (D:1)
  A dart slug (D:1)
  5 hobgoblins (D:1)
  2 kobolds (D:1)
  4 bats (D:1)
  3 rats (D:1)
17 creatures vanquished.

Vanquished Creatures (others)
  2 fungi (D:1)
2 creatures vanquished.

Grand Total: 19 creatures vanquished

Notes
Turn   | Place    | Note
-------+----------+-------------------------------------------
     0 | Abyss:1  | FancyManDan the Demonspawn Abyssal Knight began the quest
                  | for the Orb.
     0 | Abyss:1  | Reached XP level 1. HP: 18/18 MP: 2/2
    38 | Abyss:1  | Noticed a tentacled monstrosity
    60 | Abyss:1  | Noticed a large abomination
    63 | Abyss:1  | Noticed a tentacled starspawn
    81 | D:1      | Escaped the Abyss
   832 | D:1      | Reached * piety under Lugonu
   833 | D:1      | Gained mutation: You are partially covered in iridescent
                  | scales. (AC +2) [demonic ancestry]
   833 | D:1      | Reached XP level 2. HP: 17/24 MP: 3/3
   933 | D:1      | Reached skill level 1 in Dodging
  1244 | D:1      | Gained mutation: You have sharp toenails. [demonic
                  | ancestry]
  1244 | D:1      | Reached XP level 3. HP: 11/29 MP: 3/5
  1444 | D:2      | Slain by a kobold

Illustrated notes

Levels and vault maps discovered:
D:1:      dpeg_arrival_water_fire, layout_basic
D:2:      layout_rooms, minmay_overflow_temple_star_quad, minmay_misc_feat_five,
          uniq_terence, uniq_natasha, uniq_robin, uniq_jessica

Skill      XL: |  1  2 |
---------------+-------+-----
Axes           | 2 |  2.2
Dodging        | 1 |  1.2
Armour         | 2 |  2.0
Fighting       | |  3.5
Invocations    | |  2.7

Action                   || total
-------------------------++-------
Melee: Hand axe          ||    71
Invok: Depart the Abyss  ||     1
Armor: Leather armour    ||    34
Dodge: Dodged            ||    45
